 Dungeon Crawl Stone Soup version 0.20.0-7-g3b7b877 (webtiles) character file.

117 mopl the Firebug (level 4, -14/24 HPs)
             Began as a Deep Elf Fire Elementalist on May 29, 2017.
             Demolished by an orc warrior
             ... wielding a +0 glaive
              (26 damage)
             ... on level 3 of the Dungeon.
             The game lasted 00:04:44 (1622 turns).

mopl the Firebug (Deep Elf Fire Elementalist)       Turns: 1622, Time: 00:04:45

Health: -14/24     AC:  2    Str:  8    XL:     4   Next: 71%
Magic:  8/12       EV: 13    Int: 21    God:
Gold:   130        SH:  0    Dex: 15    Spells: 3/11 levels left

rFire    . . .     SeeInvis .   a - +2 quarterstaff (protect)
rCold    . . .     Gourm    .   (shield currently unavailable)
rNeg     + . .     Faith    .   q - +0 robe
rPois    .         Spirit   .   (no helmet)
rElec    .         Reflect  .   (no cloak)
rCorr    .         Harm     .   (no gloves)
MR       .....                  (no boots)
Stlth    ++........             (no amulet)
Regen    0.1/turn               j - ring of positive energy
MPRegen  0.2/turn               t - +3 ring of strength

@: no status effects
A: no striking features
a: no special abilities


You were on level 3 of the Dungeon.
You were not hungry.

You visited 1 branch of the dungeon, and saw 3 of its levels.

You collected 130 gold pieces.

Inventory:

Hand Weapons
 a - a +2 quarterstaff of protection (weapon)
Missiles
 n - 4 curare-tipped needles
Armour
 q - a +0 robe (worn)
Jewellery
 j - a ring of positive energy (left hand)
 t - a +3 ring of strength (right hand)
Scrolls
 d - 2 scrolls of remove curse {unknown}
 e - 2 scrolls of teleportation {unknown}
 g - a scroll of enchant armour {unknown}
 p - a scroll of amnesia {unknown}
 r - a scroll of identify {unknown}
Potions
 f - a potion of flight {unknown}
 h - a potion of degeneration {unknown}
 i - a potion of curing {unknown}
 l - a potion of magic {unknown}
 m - a potion of lignification {unknown}
Books
 b - a book of Flames

   Spells                             Type                      Level
   a - Flame Tongue                   Conjuration/Fire             1
   b - Throw Flame                    Conjuration/Fire             2
   c - Conjure Flame                  Conjuration/Fire             3
   d - Inner Flame                    Hexes/Fire                   3
   e - Sticky Flame                   Conjuration/Fire             4
   f - Fireball                       Conjuration/Fire             5
Comestibles
 c - 3 bread rations
 k - 2 chunks of flesh
 o - a meat ration
 s - a royal jelly


   Skills:
 - Level 2.4 Dodging
 - Level 2.4 Stealth
 + Level 4.2 Spellcasting
 * Level 3.1 Conjurations
 * Level 4.5 Fire Magic


You had 3 spell levels left.
You knew the following spells:

 Your Spells              Type           Power        Failure   Level  Hunger
a - Flame Tongue          Conj/Fire      ###..        2%          1    None
c - Conjure Flame         Conj/Fire      ###.....     8%          3    ###....
d - Sticky Flame          Conj/Fire      ###.....     24%         4    ####...


Dungeon Overview and Level Annotations

Branches:
Dungeon (3/15)

Altars:


Message History

There is a stone staircase leading up here.
Eating one of 3 chunks of flesh.
You eat one of the 3 chunks of flesh.
This raw flesh tastes terrible.
Okay, then.
The orc warrior misses you.
Casting: Flame Tongue
Confirm with . or Enter, or press ? or * to list all spells.
Aiming: Sticky Flame
Press: ? - help, Shift-Dir - straight line, f - orc warrior
Aim: an orc warrior, wielding a glaive and wearing a chain mail The sticky flame hits the orc warrior.
The orc warrior appears unharmed.
The orc warrior is covered in liquid flames!
The orc warrior burns!
The orc warrior hits you with a glaive!
The orc warrior burns!
The orc warrior burns!
The orc warrior burns!
The orc warrior stops burning.
You see here a ring mail.
The orc warrior hits you with a glaive!!
Ouch! That really hurt!
You die...

#######.## #.{######
........#### ##..o.).##
#..##.<..#### ######.##
#....#......########...
######.#.รท.........<.o.....
........##......#########.#
.......(........#### #..#
......)...[o......<## #.##
.......(..@.....##..####.##
................###[##.....
................# #....##..
..........############.##.#
.........## #......##.#
>........# ...####....#
###......# #...... #..#####
#......### .....#### #


You could see an orc warrior.

Vanquished Creatures
  An orc priest (D:3)
  2 adders (D:2)
  An ooze (D:1)
  2 worms (D:2)
  2 dart slugs (D:1)
  3 orcs (D:3)
  9 bats
  A giant cockroach (D:3)
  6 hobgoblins
  7 jackals (D:2)
  A ball python (D:1)
  A frilled lizard (D:1)
  5 goblins
  8 kobolds
  5 rats
54 creatures vanquished.

Notes
Turn   | Place    | Note
-------+----------+-------------------------------------------
     0 | D:1      | mopl the Deep Elf Fire Elementalist began the quest for the Orb.
     0 | D:1      | Reached XP level 1. HP: 10/10 MP: 6/6
    76 | D:1      | Reached XP level 2. HP: 15/15 MP: 2/8
   304 | D:1      | Reached skill level 2 in Conjurations
   478 | D:1      | Reached XP level 3. HP: 15/19 MP: 5/9
   483 | D:1      | Learned a level 3 spell: Conjure Flame
   910 | D:2      | Reached skill level 4 in Fire Magic
  1157 | D:2      | Reached XP level 4. HP: 20/24 MP: 6/11
  1171 | D:2      | Learned a level 4 spell: Sticky Flame
  1448 | D:3      | Reached skill level 4 in Spellcasting
  1509 | D:3      | Reached skill level 3 in Conjurations
  1553 | D:3      | Noticed an orc warrior
  1622 | D:3      | Demolished by an orc warrior

Skill      XL: |  1  2  3  4 |
---------------+-------------+-----
Conjurations   | 2 3 |  3.1
Fire Magic     | 4 |  4.5
Spellcasting   | 4 |  4.2
Dodging        | |  2.4
Stealth        | |  2.4

Action                   |  1- 3 |  4- 6 || total
-------------------------+-------+-------++-------
Melee: Unarmed           |     1 |       ||     1
       Quarterstaff      |       |     6 ||     6
 Cast: Flame Tongue      |    83 |    21 ||   104
       Sticky Flame      |       |     2 ||     2
  Eat: Chunk             |     1 |     2 ||     3
Armor: Robe              |    10 |     2 ||    12
Dodge: Dodged            |    37 |    17 ||    54
